 Dungeon Crawl Stone Soup version 0.32-a0-931-g5a2cda0630 (webtiles) character file.

Game seed: 8303157880444122859

93 Destark the Grave Robber (level 4, -1/24 HPs)
             Began as a Deep Elf Necromancer on Apr 13, 2024.
             Slain by a gnoll
             ... wielding a +0 whip
              (7 damage)
             ... on level 3 of the Dungeon.
             The game lasted 00:11:36 (1554 turns).

Destark the Grave Robber (Deep Elf Necromancer)     Turns: 1554, Time: 00:11:37

Health: -1/24      AC:  3    Str:  5    XL:     4   Next: 37%
Magic:  4/12       EV: 11    Int: 22    God:
Gold:   105        SH:  0    Dex: 15    Spells: 11/12 levels left

rFire   x . .        (no weapon)
rCold   + . .        (no shield)
rNeg    . . .        a - +0 robe
rPois   .            (no helmet)
rElec   .            (no cloak)
rCorr   .            (no gloves)
SInv    .            h - +0 pair of boots
Will    .....        (no amulet)
Stlth   ++           l - ring of ice
HPRegen 0.24/turn    (no ring)
MPRegen 0.13/turn

%: no passive effects
@: no status effects
A: no striking features
a: no special abilities


You were on level 3 of the Dungeon.
You visited 1 branch of the dungeon, and saw 3 of its levels.

You collected 105 gold pieces.

Inventory:

Missiles
 p - a throwing net
Armour
 a - a +0 robe (worn)
 h - a +0 pair of boots (worn)
Jewellery
 e - an amulet of guardian spirit
 l - a ring of ice (left hand)
Wands
 k - a wand of roots (7) (quivered)
Scrolls
 c - a scroll of noise {unknown}
 d - 2 scrolls of immolation {unknown}
 g - a scroll of poison {unknown}
 i - 2 scrolls of identify {unknown}
 j - a scroll of blinking {unknown}
 m - a scroll of teleportation {unknown}
 q - a scroll of vulnerability {unknown}
 s - a scroll of summoning {unknown}
Potions
 b - a potion of magic
 f - a potion of degeneration {unknown}
 n - a potion of brilliance {unknown}
 o - a potion of haste {unknown}
 r - a potion of mutation {unknown}


   Skills:
 + Level 2.5 Dodging
 + Level 2.5 Stealth
 + Level 4.8 Spellcasting
 + Level 6.0 Necromancy


You had 11 spell levels left.
You knew the following spells:

 Your Spells              Type           Power      Damage    Failure   Level
a - Necrotise             Necr           100%       1d9       1%          1

Your spell library contained the following spells:

 Spells                   Type           Power      Damage    Failure   Level
 Vampiric Draining        Necr           32%        2d8       2%          3
 Animate Dead             Necr           32%        N/A       9%          4
 Curse of Agony           Necr           32%        N/A       24%         5


Dungeon Overview and Level Annotations

Branches:
Dungeon (3/15)

Altars:


Message History

Casting: Necrotise (safe; 1% risk of failure)
Confirm with . or Enter, or press ? or * to list all spells.
Aiming: Necrotise (safe; 1% risk of failure)
Press: ? - help, Shift-Dir - straight line, f/p - gnoll
Aim: a gnoll, wielding a +0 whip (almost dead, chance to affect: 88%)
The gnoll writhes in agony!
You kill the gnoll!
The dead are walking!
Casting: Necrotise (safe; 1% risk of failure)
Confirm with . or Enter, or press ? or * to list all spells.
Aiming: Necrotise (safe; 1% risk of failure)
Press: ? - help, Shift-Dir - straight line, f - gnoll
Aim: a gnoll, wielding a +0 whip (ally target, chance to affect: 88%)
The gnoll writhes in agony.
The gnoll completely misses you.
Casting: Necrotise (safe; 1% risk of failure)
Confirm with . or Enter, or press ? or * to list all spells.
Aiming: Necrotise (safe; 1% risk of failure)
Press: ? - help, Shift-Dir - straight line, f/p - gnoll
Aim: a gnoll, wielding a +0 whip (moderately wounded, ally target, chance to affect: 88%)
The gnoll barely resists.
Your gnoll skeleton closely misses the gnoll.
The gnoll hits you with a +0 whip. The gnoll closely misses you.
Unknown command.
Casting: Necrotise (safe; 1% risk of failure)
Confirm with . or Enter, or press ? or * to list all spells.
Aiming: Necrotise (safe; 1% risk of failure)
Press: ? - help, Shift-Dir - straight line, f/p - gnoll
Aim: a gnoll, wielding a +0 whip (moderately wounded, ally target, chance to affect: 88%)
The gnoll writhes in agony.
Your gnoll skeleton barely misses the gnoll.
The gnoll hits you with a +0 whip! x2
* * * LOW HITPOINT WARNING * * *
Casting: Necrotise (safe; 1% risk of failure)
Confirm with . or Enter, or press ? or * to list all spells.
Aiming: Necrotise (safe; 1% risk of failure)
Press: ? - help, Shift-Dir - straight line, f/p - gnoll
Aim: a gnoll, wielding a +0 whip (severely wounded, ally target, chance to affect: 88%)
The gnoll writhes in agony.
Your gnoll skeleton hits the gnoll.
The gnoll closely misses you. The gnoll hits you with a +0 whip!
You die...

####### .......
####### ######
.......##.<...##.....#
.......#..............
......................
................Z.....
...............g......
..............@g......
..#.###...............
. #. #...............
# ##..............
##...!..#......
######.####... #.# ...
#.# .. .#


You could see 2 gnolls and a friendly gnoll skeleton.

Vanquished Creatures
  An adder (D:2)
  4 gnolls
  A ribbon worm (D:2)
  3 ball pythons
  2 bats
  2 endoplasms (D:2)
  A giant cockroach (D:2)
  A hobgoblin (D:2)
  2 jackals (D:1)
  2 quokkas
  A frilled lizard (D:1)
  3 goblins (D:2)
  5 kobolds
  5 rats
33 creatures vanquished.

Vanquished Creatures (collateral kills)
  A gnoll (D:2)
  An endoplasm (D:2)
  A rat (D:1)
3 creatures vanquished.

Grand Total: 36 creatures vanquished

Notes
Turn   | Place    | Note
-------+----------+-------------------------------------------
     0 | D:1      | Destark the Deep Elf Necromancer began the quest for the
                  | Orb.
     0 | D:1      | Reached XP level 1. HP: 10/10 MP: 6/6
    73 | D:1      | Reached skill level 5 in Necromancy
   318 | D:1      | Reached XP level 2. HP: 15/15 MP: 6/8
   515 | D:1      | You fall into a shaft and drop 1 floor!
   773 | D:2      | Found a faded altar of an unknown god.
   872 | D:2      | Reached XP level 3. HP: 19/19 MP: 8/10
  1108 | D:2      | Reached XP level 4. HP: 16/24 MP: 0/12
  1117 | D:2      | Reached skill level 6 in Necromancy
  1554 | D:3      | Slain by a gnoll

Illustrated notes

Levels and vault maps discovered:
D:1:      lightli_arrival_farm, layout_basic, minmay_hexomino_p4
D:2:      layout_basic, chequers_ecumenical_altar_simple_redux,
          serial_corexii_hall, corexii_hall_statues_s, corexii_hall_statues_x
D:3:      layout_rooms, bloody_makhleb, chequers_avenue, uniq_grinder,
          uniq_crazy_yiuf_cottage

Skill      XL: |  1  2  3  4 |
---------------+-------------+-----
Necromancy     | 5 6 |  6.0
Spellcasting   | 4 |  4.8
Dodging        | |  2.5
Stealth        | |  2.5

Action                     |  1- 3 |  4- 6 || total
---------------------------+-------+-------++-------
   Cast: Necrotise         |    51 |    16 ||    67
    Use: Potion            |     1 |       ||     1
 Armour: Robe              |     7 |     5 ||    12
  Dodge: Dodged            |    10 |     4 ||    14

Table legend: (Time is in decaauts)
 A = Elapsed time spent in this place.
 B = Non-inter-level travel time spent in this place.
 C = Inter-level travel time spent in this place.
 D = Time resting spent in this place.
 E = Time spent auto-exploring this place.
 F = Levels seen in this place.
 G = Mean time per level.
                   A        B        C        D        E       F      G
               +--------+--------+--------+--------+--------+-----+--------+
         Total |   1554 |   1554 |      0 |     17 |   1163 |   3 |  518.0 |
       Dungeon |   1554 |   1554 |      0 |     17 |   1163 |   3 |  518.0 |
               +--------+--------+--------+--------+--------+-----+--------+

Top non-repeatable levels by time:
     D:2: 1018 daAuts
     D:1: 516 daAuts
     D:3: 19 daAuts
